 Dungeon Crawl Stone Soup version 0.24.0-35-gdb84b6a5db (webtiles) character file.

Game seed: 4472256643413480364, levelgen mode: deterministic

1555 Delamore the Cleaver (level 8, -14/64 HPs)
             Began as a Hill Orc Fighter on Nov 20, 2019.
             Was a Believer of Okawaru.
             Demolished by an orc warrior
             ... wielding a +2 mace of protection
              (16 damage)
             ... on level 8 of the Dungeon.
             The game lasted 00:07:20 (6136 turns).

Delamore the Cleaver (Hill Orc Fighter)             Turns: 6136, Time: 00:07:21

Health: -14/64     AC:  8    Str: 21    XL:     8   Next: 88%
Magic:  8/8        EV:  7    Int:  8    God:    Okawaru [**....]
Gold:   249        SH:  9    Dex: 10    Spells: 7/7 levels left

rFire    + . .     SeeInvis .   a - +0 war axe
rCold    . . .     Gourm    .   c - +0 shield
rNeg     . . .     Faith    .   b - +0 scale mail
rPois    +         Spirit   .   (no helmet)
rElec    .         Reflect  .   (no cloak)
rCorr    .         Harm     .   (no gloves)
MR       .....                  o - +0 pair of boots
Stlth    ..........             (no amulet)
HPRegen  0.20/turn              n - ring of poison resistance
MPRegen  0.11/turn              y - ring of protection from fire

@: no status effects
A: no striking features
a: Heroism, Renounce Religion


You were on level 8 of the Dungeon.
You worshipped Okawaru.
Okawaru was pleased with you.
You were hungry.

You visited 2 branches of the dungeon, and saw 9 of its levels.

You collected 249 gold pieces.

Inventory:

Hand Weapons
 a - a +0 war axe (weapon)
Missiles
 k - 7 poisoned darts (quivered)
 m - 3 datura-tipped darts
 p - 7 javelins
Armour
 b - a +0 scale mail (worn)
 c - a +0 shield (worn)
 o - a +0 pair of boots (worn)
 E - a +0 plate armour
Jewellery
 n - a ring of poison resistance (left hand)
 y - a ring of protection from fire (right hand)
 D - an uncursed ring of flight
Wands
 u - a wand of disintegration (23)
Scrolls
 g - a scroll of fear {unknown}
 i - 5 scrolls of identify {unknown}
 q - a scroll of noise {unknown}
 r - 2 scrolls of teleportation {unknown}
 s - a scroll of random uselessness {unknown}
 t - 4 scrolls of remove curse {unknown}
 v - a scroll of enchant weapon {unknown}
 w - 2 scrolls of blinking {unknown}
 B - a scroll of magic mapping {unknown}
Potions
 d - 2 potions of might
 e - 3 potions of ambrosia {unknown}
 h - a potion of curing {unknown}
 j - 2 potions of brilliance {unknown}
 l - 4 potions of lignification {unknown}
 x - a potion of degeneration {unknown}
 z - 2 potions of agility {unknown}
 A - a potion of cancellation {unknown}
 C - 2 potions of heal wounds {unknown}
Comestibles
 f - 10 rations
 F - a chunk of flesh


   Skills:
 - Level 3.6 Fighting
 + Level 13.7 Axes
 - Level 3.2 Armour
 - Level 3.2 Shields


You had 7 spell levels left.
You didn't know any spells.
Your spell library was empty.

Dungeon Overview and Level Annotations

Branches:
Dungeon (8/15)             Temple (1/1) D:4
   Lair: D:8-11

Altars:
Cheibriados
Dithmenos
Elyvilon
Gozag
Kikubaaqudgha
Makhleb
Nemelex Xobeh
Okawaru
Qazlal
Sif Muna
Uskayaw
Vehumet
Wu Jian
Xom
Yredelemnul
Zin
The Shining One


Message History

The orc warrior hits you with a +2 mace of protection!
* * * LOW HITPOINT WARNING * * *
You hit the orc warrior but do no damage.
The orc warrior is almost dead.
You closely miss the orc warrior.
The orc warrior is almost dead.
The orc warrior hits you with a +2 mace of protection!
* * * LOW HITPOINT WARNING * * *
You hit the orc warrior but do no damage.
The orc warrior is almost dead.
You block the orc warrior's attack.
You barely miss the orc warrior.
The orc warrior is almost dead.
You hit the orc warrior but do no damage.
The orc warrior is almost dead.
The orc warrior completely misses you.
You hit the orc warrior.
The orc warrior is almost dead.
The orc warrior hits you with a +2 mace of protection!
You die...

.# .# #
##.####
#.#.....#
.#.....##
.......
#o..# #@#
#.# #..
####


You could see an orc warrior.

Vanquished Creatures
  An ice beast (D:5)
  5 ogres
  2 centaurs (D:7)
  3 bullfrogs (D:7)
  A scorpion (D:5)
  2 howler monkeys
  A bullfrog zombie (D:6)
  An orc wizard (D:3)
  2 hounds (D:4)
  Jessica (D:2)
  3 worker ants (D:4)
  4 iguanas
  4 gnolls
  9 adders
  2 oozes (D:2)
  An adder zombie (D:5)
  A worm (D:2)
  3 dart slugs
  2 leopard geckos
  16 orcs
  9 giant cockroaches
  6 goblins
  9 hobgoblins
  2 jackals (D:1)
  7 kobolds
  3 quokkas
  3 ball pythons
  7 bats
  4 frilled lizards
  A jackal skeleton (D:4)
  A quokka skeleton (D:5)
  7 rats
123 creatures vanquished.

Notes
Turn   | Place    | Note
-------+----------+-------------------------------------------
     0 | D:1      | Delamore the Hill Orc Fighter began the quest for the Orb.
     0 | D:1      | Reached XP level 1. HP: 19/19 MP: 1/1
    30 | D:1      | Reached skill level 3 in Axes
   172 | D:1      | Reached XP level 2. HP: 22/26 MP: 2/2
   572 | D:1      | Reached skill level 4 in Axes
   714 | D:1      | Reached XP level 3. HP: 30/31 MP: 3/3
   965 | D:2      | Found a shadowy altar of Dithmenos.
   980 | D:2      | Reached skill level 5 in Axes
  1365 | D:2      | Reached XP level 4. HP: 39/39 MP: 4/4
  1581 | D:2      | Noticed Jessica
  1594 | D:2      | Killed Jessica
  1594 | D:2      | Reached skill level 6 in Axes
  1924 | D:2      | Reached XP level 5. HP: 33/45 MP: 5/5
  2036 | D:2      | Reached skill level 7 in Axes
  2681 | D:3      | Reached skill level 8 in Axes
  2681 | D:3      | Reached XP level 6. HP: 35/51 MP: 6/6
  2868 | D:3      | Found a shimmering altar of Xom.
  3363 | D:4      | Found a staircase to the Ecumenical Temple.
  3378 | Temple   | Entered the Ecumenical Temple
  3426 | Temple   | Became a worshipper of Warmaster Okawaru
  3641 | D:4      | Reached skill level 9 in Axes
  3778 | D:4      | Reached XP level 7. HP: 51/57 MP: 7/7
  3806 | D:4      | Reached skill level 10 in Axes
  4503 | D:5      | Entered Level 5 of the Dungeon
  4522 | D:4      | Reached * piety under Okawaru
  4722 | D:5      | Reached skill level 11 in Axes
  5103 | D:5      | Found an opulent altar of Gozag.
  5171 | D:5      | Reached XP level 8. HP: 64/64 MP: 8/8
  5236 | D:5      | Reached ** piety under Okawaru
  5236 | D:5      | Reached skill level 12 in Axes
  5693 | D:5      | Found a glowing golden altar of the Shining One.
  5797 | D:6      | You fall into a shaft and drop 1 floor!
  5945 | D:7      | Found a hide-covered altar of Uskayaw.
  6010 | D:7      | Reached skill level 13 in Axes
  6132 | D:8      | HP: 1/64 [orc warrior/+2 mace of protection (10)]
  6136 | D:8      | Demolished by an orc warrior

Levels and vault maps discovered:
D:1:      dpeg_arrival_another_circle, layout_loops_corners
D:2:      layout_loops_corners, old_standard_altar, uniq_jessica
D:3:      layout_basic, overflow_temple_1_default, serial_bayou_pond_d
D:4:      layout_loops_corners, minmay_temple_entry_antechambers,
          minmay_close_crescents
D:5:      layout_rooms, nicolae_gozag_cash_rules_everything_around_me,
          kennysheep_mini, first_ration, hangedman_abyss_or_decor_slice,
          kennysheep_small_circle
D:6:      layout_basic, serial_shops, shop_coins
D:7:      layout_basic, eat_drink_and_be_merry_uskayaw, gammafunk_ghost_icy,
          serial_shops, shop, uniq_joseph
D:8:      minmay_weird_star, layout_basic, lemuel_crystal_altar
Temple:   nicolae_temple_great_sept

Skill      XL: |  1  2  3  4  5  6  7  8 |
---------------+-------------------------+-----
Axes           | 3 4 5 6 8 9 11 13 | 13.7
Fighting       | |  3.6
Armour         | |  3.2
Shields        | |  3.2

Action                   |  1- 3 |  4- 6 |  7- 9 || total
-------------------------+-------+-------+-------++-------
Melee: War axe           |   101 |   236 |   137 ||   474
Throw: Dart              |       |       |     2 ||     2
  Eat: Chunk             |     2 |     8 |     3 ||    13
       Ration            |       |       |     1 ||     1
Armor: Scale mail        |    58 |   101 |    24 ||   183
Dodge: Dodged            |    31 |    82 |    45 ||   158
Block: Shield            |    37 |   103 |    67 ||   207
